 Dungeon Crawl Stone Soup version 0.22-a0-247-gbddf880 (console) character file.

16782 Duffy the Nimble (level 12, -10/109 HPs)
             Began as a Deep Elf Fire Elementalist on Feb 24, 2018.
             Was an Elder of Vehumet.
             Mangled by a minotaur (12 damage)
             ... on level 12 of the Dungeon.
             The game lasted 00:31:07 (17384 turns).

Duffy the Nimble (Deep Elf Fire Elementalist)      Turns: 17384, Time: 00:31:08

Health: -10/109    AC: 26    Str:  5    XL:     12   Next: 13%
Magic:  2/28       EV:  2    Int: 26    God:    Vehumet [****..]
Gold:   636        SH:  0    Dex: 15    Spells: 12/31 levels left

rFire    + . .     SeeInvis .   y - +2 spear (venom)
rCold    x . .     Gourm    .   (no shield)
rNeg     + + +     Faith    .   (armour currently unavailable)
rPois    +         Spirit   .   (helmet currently unavailable)
rElec    .         Reflect  .   (cloak currently unavailable)
rCorr    .         Harm     .   (gloves currently unavailable)
MR       ++...     NoTele   +   (boots currently unavailable)
Stlth    ++........             (no amulet)
HPRegen  0.28/turn              q - ring of wizardry
MPRegen  0.21/turn              A - ring of fire

@: tree-form
A: magic resistance 1, mutation resistance 1, wild magic 1
a: Renounce Religion


You were on level 12 of the Dungeon.
You worshipped Vehumet.
Vehumet was greatly pleased with you.
You were near starving.
You were a tree.
You visited 2 branches of the dungeon, and saw 13 of its levels.

You collected 636 gold pieces.

Inventory:

Hand Weapons
 y - a +2 spear of venom (weapon)
Armour
 c - a +0 pair of gloves (melded)
 z - a +2 leather armour of cold resistance (melded)
Jewellery
 q - a ring of wizardry (left branch)
 A - a ring of fire (right branch)
Wands
 a - a wand of enslavement (10)
 p - a wand of random effects (5) (quivered)
 C - a wand of flame (39)
Scrolls
 k - a scroll of vulnerability {unknown}
 l - 3 scrolls of remove curse
 n - 3 scrolls of blinking
 o - 6 scrolls of teleportation
 r - a scroll of fog
 s - 2 scrolls of magic mapping
 v - a scroll of immolation
 w - 4 scrolls of amnesia
 x - a scroll of noise {unknown}
 D - a scroll of enchant armour {unknown}
Potions
 e - a potion of magic
 f - 2 potions of lignification
 g - 4 potions of mutation
 h - a potion of curing
 i - 2 potions of resistance
 j - a potion of heal wounds
 m - 2 potions of might
 t - 2 potions of flight
 u - a potion of ambrosia
 B - a potion of berserk rage
Comestibles
 b - 21 rations


   Skills:
 + Level 8.1 Fighting
 + Level 10.8 Dodging
 - Level 2.4 Stealth
 - Level 10.4 Spellcasting
 - Level 10.0 Conjurations
 - Level 4.0 Translocations
 - Level 10.0 Fire Magic


You had 12 spell levels left.
You knew the following spells:

 Your Spells              Type           Power        Failure   Level  Hunger
a - Throw Flame           Conj/Fire      ######       1%          2    None
j - Sticky Flame          Conj/Fire      #######.     1%          4    None
k - Fireball              Conj/Fire      #######...   1%          5    ####...
l - Conjure Flame         Conj/Fire      #######.     1%          3    None
o - Mephitic Cloud        Conj/Pois/Air  #####...     1%          3    None
B - Blink                 Tloc           N/A          1%          2    None


Dungeon Overview and Level Annotations

Branches:
Dungeon (12/15)            Temple (1/1) D:6             Orc (0/2) D:10
   Lair: D:8-11

Altars:
Ashenzari
Cheibriados
Dithmenos
Elyvilon
Fedhas
Gozag
Hepliaklqana
Kikubaaqudgha
Makhleb
Nemelex Xobeh
Okawaru
Qazlal
Ru
Sif Muna
Trog
Uskayaw
Vehumet
Wu Jian
Xom
Yredelemnul
Zin
The Shining One

Annotations:
D:11 exclusion: oklob plant


Innate Abilities, Weirdness & Mutations

((You have a pair of small antennae on your head.))
You are resistant to hostile enchantments. (MR+)
You are somewhat resistant to further mutation.
Your spells are a little harder to cast, but a little more powerful.


Message History

Press: ? - help, Shift-Dir - straight line, f/p - minotaur
Aim: a minotaur, wearing a chain mail (almost dead, poisoned, covered in acid)
The puff of frost hits the minotaur.
The minotaur is almost dead.
The minotaur hits you but does no damage.
The minotaur gores you but does no damage.
Evoke which item? (* to show all) (? for menu, Esc to quit)
Aiming: Random Effects
Press: ? - help, Shift-Dir - straight line, f/p - minotaur
Aim: a minotaur, wearing a chain mail (almost dead, poisoned, covered in acid)
The puff of frost misses the minotaur.
The minotaur hits you!
The minotaur gores you but does no damage.
Evoke which item? (* to show all) (? for menu, Esc to quit)
Aiming: Random Effects
Press: ? - help, Shift-Dir - straight line, f/p - minotaur
Aim: a minotaur, wearing a chain mail (almost dead, poisoned, covered in acid)
The puff of flame hits the minotaur.
The minotaur is almost dead.
The minotaur looks more healthy.
The minotaur hits you!
You die...

..######(.............
#......((.............
#######(##############
#)# #)##########
#...<.(....# #####
#..##)(###.# ######...#
#H.##..#)#.#####
#.....^..#
##7.##..###.#...#
#.####...#
##...##........#.# #.#
###.####..(..#.#.####...#
#.# #.....###...##.#.#
##.#### #.#
#.###.####..##.#.#
#...... #.# #.#
#............# #..###.
#.###.###.####.#######
#..# #. #.##......# ##'##
#..# #.
#......##.###...## #..#
#.


You could see a minotaur.

Vanquished Creatures
  A centaur warrior (D:11)
  A hydra (D:11)
  3 two-headed ogres
  An unseen horror (D:11)
  2 ugly things (D:11)
  Joseph (D:9)
  8 yaktaurs (D:12)
  2 trolls (D:12)
  The ghost of Gorglomux the Covered, an amateur MiEn (D:3)
  3 hippogriffs
  A water elemental (D:12)
  A wyvern (D:11)
  2 wraiths (D:11)
  14 yaks
  3 vampire mosquitoes (D:11)
  A porcupine (D:9)
  A water moccasin (D:6)
  4 bullfrogs
  A sky beast (D:6)
  8 ice beasts
  7 orc warriors
  A black bear (D:12)
  A hornet zombie (D:8)
  An ogre (D:6)
  2 phantoms
  2 crocodiles
  4 centaurs
  5 big kobolds
  3 scorpions
  10 killer bees
  An electric eel (D:12)
  A howler monkey (D:10)
  A centaur zombie (D:8)
  2 bullfrog zombies
  3 crimson imps
  A quasit (D:7)
  2 jellies
  7 orc priests
  A gnoll shaman (D:5)
  4 bullfrog skeletons
  6 hounds
  9 orc wizards
  5 iguanas
  8 worker ants
  Terence (D:3)
  A worker ant zombie (D:8)
  19 gnolls
  11 adders
  3 shadow imps
  An ooze (D:4)
  2 worms (D:2)
  A dart slug (D:1)
  6 leopard geckos
  45 orcs
  A ball python (D:5)
  6 giant cockroaches
  11 goblins
  6 hobgoblins
  22 jackals
  10 bats
  7 frilled lizards
  A jackal zombie (D:7)
  35 kobolds
  A leopard gecko zombie (D:5)
  3 quokka skeletons
  8 rats
347 creatures vanquished.

Vanquished Creatures (collateral kills)
  A bullfrog (Temple)
  A worker ant (D:6)
2 creatures vanquished.

Vanquished Creatures (others)
  A fungus (D:9)
  2 plants (D:11)
3 creatures vanquished.

Grand Total: 352 creatures vanquished

Notes
Turn   | Place    | Note
-------+----------+-------------------------------------------
     0 | D:1      | Duffy the Deep Elf Fire Elementalist began the quest for the Orb.
     0 | D:1      | Reached XP level 1. HP: 10/10 MP: 6/6
   148 | D:1      | Found a shattered altar of Ashenzari.
   159 | D:1      | Reached XP level 2. HP: 15/15 MP: 5/8
   190 | D:1      | Learned a level 2 spell: Throw Flame
  1003 | D:1      | Reached XP level 3. HP: 19/19 MP: 3/9
  1008 | D:1      | Learned a level 3 spell: Conjure Flame
  1229 | D:2      | Found a snail-covered altar of Cheibriados.
  2451 | D:2      | Reached XP level 4. HP: 24/24 MP: 9/11
  2647 | D:2      | Learned a level 4 spell: Sticky Flame
  2759 | D:3      | Noticed Terence
  2772 | D:3      | Killed Terence
  2817 | D:3      | Noticed Gorglomux's ghost (amateur MiEn)
  2823 | D:3      | Found a shattered altar of Ashenzari.
  2836 | D:3      | Killed Gorglomux's ghost
  2836 | D:3      | Reached XP level 5. HP: 26/31 MP: 0/12
  2836 | D:3      | Reached XP level 6. HP: 30/36 MP: 0/13
  2935 | D:3      | Found a stormy altar of Qazlal.
  3004 | D:3      | Reached skill level 5 in Dodging
  3074 | D:3      | Found a shadowy altar of Dithmenos.
  3116 | D:3      | Found an iron altar of Okawaru.
  3116 | D:3      | Found a hide-covered altar of Uskayaw.
  3117 | D:3      | Found a deep blue altar of Sif Muna.
  3152 | D:3      | Found a shimmering altar of Xom.
  3477 | D:3      | Found a white marble altar of Elyvilon.
  3477 | D:3      | Found a glowing golden altar of the Shining One.
  3479 | D:3      | Found a glowing silver altar of Zin.
  3871 | D:4      | Reached XP level 7. HP: 41/41 MP: 11/14
  3918 | D:4      | Gained mutation: Your spells are a little harder to cast, but a little more powerful. [potion of mutation]
  3918 | D:4      | Gained mutation: You are resistant to hostile enchantments. (MR+) [potion of mutation]
  3918 | D:4      | Gained mutation: You are somewhat resistant to further mutation. [potion of mutation]
  3918 | D:4      | Gained mutation: You have a pair of small antennae on your head. [potion of mutation]
  4655 | D:5      | Entered Level 5 of the Dungeon
  5395 | D:5      | Reached skill level 5 in Fighting
  5840 | D:5      | Reached XP level 8. HP: 47/49 MP: 16/16
  5847 | D:5      | Learned a level 5 spell: Fireball
  5871 | D:5      | Found a sparkling altar of Nemelex Xobeh.
  6324 | D:6      | Reached skill level 5 in Spellcasting
  6353 | D:6      | Learned a level 2 spell: Blink
  6421 | D:6      | Found a staircase to the Ecumenical Temple.
  6428 | Temple   | Entered the Ecumenical Temple
  6487 | Temple   | Became a worshipper of Vehumet
  6701 | D:6      | Reached skill level 1 in Translocations
  6884 | D:6      | Reached skill level 5 in Fire Magic
  7009 | D:6      | Reached skill level 5 in Conjurations
  7202 | D:6      | Found a white marble altar of Elyvilon.
  7313 | D:6      | Learned a level 3 spell: Mephitic Cloud
  7904 | D:7      | Noticed a hippogriff
  7914 | D:7      | Killed a hippogriff
  7914 | D:7      | Reached XP level 9. HP: 54/54 MP: 3/21
  8626 | D:7      | Reached * piety under Vehumet
  8626 | D:7      | Offered knowledge of Sting by Vehumet.
  8690 | D:7      | Found a blossoming altar of Fedhas.
  9085 | D:7      | Found an ornate altar of the Wu Jian Council.
 10359 | D:8      | Noticed a five-headed hydra
 10891 | D:9      | Noticed Joseph
 10900 | D:10     | Entered Level 10 of the Dungeon
 10901 | D:10     | Reached ** piety under Vehumet
 10902 | D:10     | Offered knowledge of Sandblast by Vehumet.
 11020 | D:10     | Reached XP level 10. HP: 59/59 MP: 8/25
 11175 | D:9      | Killed Joseph
 11423 | D:10     | Noticed a two-headed ogre
 11429 | D:10     | Killed a two-headed ogre
 12296 | D:10     | Offered knowledge of Throw Frost by Vehumet.
 12470 | D:10     | Reached *** piety under Vehumet
 12483 | D:10     | Found a staircase to the Orcish Mines.
 12929 | D:10     | Noticed a two-headed ogre
 12931 | D:10     | Killed a two-headed ogre
 12931 | D:10     | Reached skill level 10 in Conjurations
 12931 | D:10     | Reached skill level 10 in Fire Magic
 13440 | D:11     | Noticed a green ugly thing
 13448 | D:11     | Killed a green ugly thing
 13521 | D:11     | Reached skill level 10 in Spellcasting
 13633 | D:11     | Reached XP level 11. HP: 63/63 MP: 8/27
 14019 | D:11     | Noticed a centaur warrior
 14027 | D:11     | Killed a centaur warrior
 14093 | D:11     | Noticed a cyan ugly thing
 14109 | D:11     | Killed a cyan ugly thing
 14147 | D:11     | Offered knowledge of Force Lance by Vehumet.
 14388 | D:11     | Found an ornate altar of the Wu Jian Council.
 14392 | D:11     | Noticed an oklob plant
 14489 | D:11     | Noticed a two-headed ogre
 14497 | D:11     | Killed a two-headed ogre
 14710 | D:11     | Noticed a seven-headed hydra
 14740 | D:11     | Killed a seven-headed hydra
 15094 | D:11     | Noticed an unseen horror
 15097 | D:11     | Killed an unseen horror
 15946 | D:12     | Reached **** piety under Vehumet
 16219 | D:12     | Offered knowledge of Fulminant Prism by Vehumet.
 16347 | D:12     | Reached skill level 10 in Dodging
 16984 | D:12     | Reached XP level 12. HP: 73/73 MP: 16/28
 17360 | D:12     | Noticed a minotaur
 17383 | D:12     | HP: 2/109 [minotaur (16)]
 17384 | D:12     | Mangled by a minotaur

Vault maps used:
D:1:      scummos_arrival_star, evilmike_ruin_ashenzari
D:2:      overflow_temple_1_default
D:3:      good_gods_mini_temple, overflow_temple_1_default, old_standard_altar,
          lemuel_doored_altar, nicolae_overflow_quartered_altars,
          portal_sewer_entry_d, uniq_terence
D:4:      first_ration
D:5:      basic_altar, kennysheep_generic_room_5
D:6:      minmay_temple_entry_junction_2, elyvilon_altar_1
D:7:      kennysheep_mini, fedhas_altar_1
D:8:      hangedman_little_slice_of_home
D:9:      grunt_lair_entry_orc_guard_hut, uniq_joseph
D:10:     hiddenorc2_lemuel
D:11:     lemuel_oklob_altar
D:12:     fort_yaktaur, basic_altar, item_on_display_a
Temple:   cyrus_temple_forest

Skill      XL: |  1  2  3  4  5  6  7  8  9 10 11 12 |
---------------+-------------------------------------+-----
Conjurations   | 2 3 4 6 7 10 | 10.0
Dodging        | 4 5 6 10 | 10.8
Fighting       | 2 3 5 7 8 |  8.1
Spellcasting   | 4 6 9 10 | 10.4
Fire Magic     | 4 6 8 10 | 10.0
Translocations | 3 4 |  4.0
Stealth        | |  2.4

Action                   |  1- 3 |  4- 6 |  7- 9 | 10-12 || total
-------------------------+-------+-------+-------+-------++-------
Melee: Dagger            |       |       |    29 |       ||    29
       Unarmed           |       |       |    10 |       ||    10
       Spear             |       |       |     7 |    43 ||    50
 Cast: Flame Tongue      |    93 |    74 |    54 |       ||   221
       Conjure Flame     |       |     1 |    14 |    16 ||    31
       Throw Flame       |       |       |   206 |   201 ||   407
       Sticky Flame      |       |       |    22 |    32 ||    54
       Mephitic Cloud    |       |       |     1 |       ||     1
       Fireball          |       |       |     4 |    58 ||    62
       Blink             |       |       |       |     4 ||     4
Evoke: Wand              |       |       |     2 |    13 ||    15
  Use: Scroll            |       |       |    17 |     1 ||    18
       Potion            |       |       |     6 |     4 ||    10
 Stab: Sleeping          |       |       |       |     1 ||     1
  Eat: Chunk             |     4 |     5 |    15 |    16 ||    40
       Ration            |       |       |     3 |     3 ||     6
Armor: Robe              |    24 |     1 |    17 |     1 ||    43
       Skin              |       |       |    14 |     6 ||    20
       Leather armour    |       |       |       |    17 ||    17
Dodge: Dodged            |    55 |    24 |   108 |    85 ||   272

Table legend:
 A = Spawn XP
 B = Non-spawn XP
 C = Spawn XP percentage of total XP
 D = Spawn monster count
 E = Non-spawn monster count
 F = Spawn count percentage of total count
 G = Total turns spent on level
                    A         B        C        D         E        F      G
               +---------+---------+-------+---------+---------+-------+---------
         Total |       0 |   23975 |   0.0 |       0 |     349 |   0.0 | 17384
               +---------+---------+-------+---------+---------+-------+---------
           D:1 |       0 |      46 |   0.0 |       0 |      28 |   0.0 |  1305
           D:2 |       0 |      54 |   0.0 |       0 |      24 |   0.0 |  1442
           D:3 |       0 |     436 |   0.0 |       0 |      29 |   0.0 |   830
           D:4 |       0 |     472 |   0.0 |       0 |      22 |   0.0 |  1398
           D:5 |       0 |     501 |   0.0 |       0 |      20 |   0.0 |  1223
           D:6 |       0 |    1084 |   0.0 |       0 |      25 |   0.0 |  1394
           D:7 |       0 |    1461 |   0.0 |       0 |      25 |   0.0 |  2087
           D:8 |       0 |     736 |   0.0 |       0 |      22 |   0.0 |   528
           D:9 |       0 |    1421 |   0.0 |       0 |      12 |   0.0 |  1365
          D:10 |       0 |    3660 |   0.0 |       0 |      52 |   0.0 |  1707
          D:11 |       0 |    9066 |   0.0 |       0 |      44 |   0.0 |  2290
          D:12 |       0 |    4993 |   0.0 |       0 |      45 |   0.0 |  1608
        Temple |       0 |      45 |   0.0 |       0 |       1 |   0.0 |   207
               +---------+---------+-------+---------+---------+-------+---------
